 Dungeon Crawl Stone Soup version 0.25-a0-413-g3b4b6a4ccc (webtiles) character file.

Game seed: 15408055028098377923, levelgen mode: deterministic

32 Erk the Conjurer (level 3, -23/25 HPs)
             Began as a Human Conjurer on Jan 17, 2020.
             Annihilated by an ogre
             ... wielding a +0 giant spiked club
              (27 damage)
             ... on level 2 of the Dungeon.
             The game lasted 00:08:26 (1130 turns).

Erk the Conjurer (Human Conjurer)                   Turns: 1130, Time: 00:08:27

Health: -23/25     AC:  4    Str:  8    XL:     3   Next: 45%
Magic:  5/6        EV: 12    Int: 16    God:
Gold:   132        SH:  0    Dex: 13    Spells: 3/6 levels left

rFire    . . .     SeeInvis .   e - +0 mace
rCold    . . .     Gourm    .   (no shield)
rNeg     . . .     Faith    .   u - +0 leather armour
rPois    .         Spirit   .   (no helmet)
rElec    .         Reflect  .   (no cloak)
rCorr    .         Harm     .   p - +0 pair of gloves
MR       .....                  (no boots)
Stlth    ++........             g - amulet of rage
HPRegen  0.08/turn              w - ring of flight
MPRegen  0.10/turn              (no ring)

@: no status effects
A: no striking features
a: Evoke Berserk Rage, Evoke Flight


You were on level 2 of the Dungeon.
You were not hungry.

You visited 1 branch of the dungeon, and saw 3 of its levels.

You collected 132 gold pieces.

Inventory:

Hand Weapons
 e - a +0 mace (weapon)
 o - a +0 short sword
 s - a +0 dagger
Missiles
 b - 118 stones
 f - 8 atropa-tipped darts
 l - 33 poisoned darts (quivered)
 n - 6 silver javelins
Armour
 a - a +0 robe
 p - a +0 pair of gloves (worn)
 r - a +0 scale mail
 u - a +0 leather armour (worn)
Jewellery
 d - an uncursed ring of fire
 g - an amulet of rage (around neck)
 w - a ring of flight (left hand)
Scrolls
 j - a scroll of immolation {unknown}
 k - a scroll of magic mapping {unknown}
 m - a scroll of identify {unknown}
 t - a scroll of amnesia {unknown}
Potions
 h - a potion of heal wounds {unknown}
 i - a potion of lignification {unknown}
 q - 2 potions of mutation {unknown}
Comestibles
 c - 5 rations
 v - 6 chunks of flesh


   Skills:
 + Level 0.7 Fighting
 + Level 0.6 Throwing
 + Level 0.5 Armour
 + Level 2.4 Dodging
 + Level 2.3 Stealth
 + Level 2.2 Spellcasting
 + Level 4.1 Conjurations


You had 3 spell levels left.
You knew the following spells:

 Your Spells              Type           Power        Failure   Level  Hunger
a - Magic Dart            Conj           ###.         5%          1    #......
b - Searing Ray           Conj           ###...       8%          2    ###....

Your spell library contained the following spells:

 Spells                   Type           Power        Failure   Level  Hunger
 Dazzling Flash           Conj/Hex       #.....       36%         3    ###....
 Fulminant Prism          Conj/Hex       #.........   77%         4    #####..
 Iskenderun's Mystic Bla  Conj/Tloc      #.......     77%         4    #####..


Dungeon Overview and Level Annotations

Branches:
Dungeon (3/15)

Altars:
Gozag


Message History

A giant cockroach, a hobgoblin and an ogre come into view.
There is a stone staircase leading up here.
The hobgoblin shouts!
The ogre shouts!
You climb upwards.
There is a stone staircase leading down here.
You climb downwards.
The giant cockroach bites you but does no damage.
The giant cockroach waves its antennae.
The giant cockroach barely misses you.
There is a stone staircase leading up here.
The ogre hits you with a +0 giant spiked club!
Ouch! That really hurt!
* * * LOW HITPOINT WARNING * * *
The giant cockroach bites you but does no damage.
You climb upwards.
There is a stone staircase leading down here.
The giant cockroach bites you but does no damage.
The ogre hits you with a +0 giant spiked club!!
Ouch! That really hurt!
You die...

#........##'#
#.........#.#
#.........#.#
#.........).#
#........#..#
##
##########.)#
.# ######..#
.# #...##..#
.#
######.#.##@s#
.#
#......#..(O>#
.#
#......#######
.# #......# ##
#......#
####.†....#
#.÷'......#
#.##.....##
#.##.....#


You could see an ogre and a giant cockroach.

Vanquished Creatures
  An adder (D:2)
  2 leopard geckos (D:1)
  A giant cockroach (D:1)
  2 goblins
  2 hobgoblins
  2 jackals (D:2)
  A ball python (D:2)
  2 bats
  A frilled lizard (D:2)
  A jackal skeleton (D:2)
  4 kobolds (D:2)
  2 rats
21 creatures vanquished.

Notes
Turn   | Place    | Note
-------+----------+-------------------------------------------
     0 | D:1      | Erk the Human Conjurer began the quest for the Orb.
     0 | D:1      | Reached XP level 1. HP: 13/13 MP: 3/3
   233 | D:2      | Found an opulent altar of Gozag.
   499 | D:1      | Reached XP level 2. HP: 16/20 MP: 5/5
  1025 | D:2      | Learned a level 2 spell: Searing Ray
  1030 | D:2      | Reached XP level 3. HP: 21/25 MP: 3/6
  1123 | D:3      | Noticed an ogre
  1130 | D:2      | Annihilated by an ogre

Levels and vault maps discovered:
D:1:      dpeg_arrival_signposts, layout_loops_cross,
          wander_ebering_terrifying_dragon_lair
D:2:      layout_basic, overflow_temple_1_default, minivault_27,
          nicolae_gozag_cash_rules_everything_around_me
D:3:      layout_loops_ring, trog_three_pillars_becter, uniq_crazy_yiuf_cottage

Action                   || total
-------------------------++-------
Melee: Mace              ||    19
 Cast: Magic Dart        ||    22
       Searing Ray       ||     2
 Abil: Evoke Berserk Rag ||     1
  Eat: Chunk             ||     2
Armor: Robe              ||     3
       Leather armour    ||     8
Dodge: Dodged            ||    22

Table legend:
 A = Non-vault XP
 B = Vault XP
 C = Vault XP percentage of total XP
 D = Non-vault monster count
 E = Vault monster count
 F = Vault count percentage of total count
                 A         B        C        D         E       F
            +---------+---------+-------+---------+---------+-------
      Total |      44 |       3 |   6.4 |      20 |       1 |   4.8
            +---------+---------+-------+---------+---------+-------
        D:1 |      11 |       3 |  21.4 |       6 |       1 |  14.3
        D:2 |      33 |       0 |   0.0 |      14 |       0 |   0.0
            +---------+---------+-------+---------+---------+-------
